 Dungeon Crawl Stone Soup version 0.31-a0-210-gccc998df9b (webtiles) character file.

Game seed: 8493898103455084005

330 night the Shooter (level 6, -4/53 HPs)
             Began as a Draconian Hunter on June 29, 2023.
             Shot with an arrow by a centaur (9 damage)
             ... on level 4 of the Dungeon.
             The game lasted 00:05:22 (2501 turns).

night the Shooter (Draconian Hunter)                Turns: 2501, Time: 00:05:22

Health: -4/53      AC:  7    Str: 13    XL:     6   Next: 26%
Magic:  6/6        EV: 12    Int: 10    God:
Gold:   180        SH:  0    Dex: 16    Spells: 5/5 levels left

rFire   + . .        a - +1 shortbow
rCold   + . .        (shield currently unavailable)
rNeg    . . .        (body armour unavailable)
rPois   +            (helmet restricted)
rElec   +            (no cloak)
rCorr   +            (no gloves)
SInv    .            s - +0 pair of boots
Will    .....        (no amulet)
Stlth   ++           t - ring of flight
HPRegen 0.28/turn    (no ring)
MPRegen 0.10/turn

%: no passive effects
@: resistant, weak-willed, enlightened, flying
A: AC +6, unfitting armour, cold-blooded, screaming 1, subdued magic 1
a: no special abilities


You were on level 4 of the Dungeon.
You visited 1 branch of the dungeon, and saw 4 of its levels.

You collected 180 gold pieces.

Inventory:

Hand Weapons
 a - a +1 shortbow (weapon)
 r - a +0 long sword
Missiles
 g - 2 poisoned darts
 i - 18 stones
Armour
 s - a +0 pair of boots (worn)
Jewellery
 t - a ring of flight (left hand)
Wands
 n - a wand of roots (3)
 o - a wand of digging (8)
 q - a wand of charming (14)
Scrolls
 j - a scroll of revelation
 m - 2 scrolls of poison {unknown}
 u - a scroll of teleportation {unknown}
Potions
 c - a potion of enlightenment
 d - a potion of attraction


   Skills:
 + Level 4.5 Fighting
 * Level 6.0 Ranged Weapons
 - Level 1.7 Dodging
 - Level 0.8 Stealth


You had 5 spell levels left.
You didn't know any spells.
Your spell library was empty.

Dungeon Overview and Level Annotations

Branches:
Dungeon (4/15)
 Temple: D:4-7

Altars:

Annotations:
D:3 2 transporters, oufanbear's ghost, amateur SpBr
D:4 3 runed translucent doors


Innate Abilities, Weirdness & Mutations

Your plain brown scales are hard. (AC +6)
You cannot fit into any form of body armour.
You are cold-blooded and may be slowed by cold attacks.
You occasionally shout uncontrollably at your foes.
Your spells are a little easier to cast, but a little less powerful.


Message History

It was a potion of mutation.
You feel extremely strange.
Your connection to magic feels subdued.
You feel the urge to shout. The centaur hits you.
* * * LOW HITPOINT WARNING * * *
The centaur kicks you but does no damage.
The centaur hits you but does no damage.
The centaur barely misses you.
As you read the scroll of butterflies, it crumbles to dust.
You hear the flapping of tiny wings.
The centaur is knocked back by the sudden gust.
You swap places.
The centaur closely misses your butterfly.
The centaur barely misses your butterfly.
The centaur hits your butterfly.
Your butterfly dies!
Your butterfly disappears in a burst of colours!
The centaur hits your butterfly.
Your butterfly dies!
Your butterfly disappears in a burst of colours!
The centaur hits your butterfly.
Your butterfly dies!
Your butterfly disappears in a burst of colours!
The centaur hits your butterfly!
Your butterfly dies!
Your butterfly disappears in a burst of colours!
As you read the scroll labelled BOYTEO HARUXI, it crumbles to dust.
Magic quickly surges around you.
It was a scroll of vulnerability.
The centaur hits your butterfly.
Your butterfly dies!
Your butterfly disappears in a burst of colours!
As you read the scroll labelled ANWAIMMOCSI, it crumbles to dust.
It is a scroll of enchant weapon.
Your +0 shortbow glows red for a moment.
The centaur wields a +0 orcbow.
The centaur shoots an arrow.
The arrow barely misses you.
As you read the scroll labelled RECUIN ESTOMM, it crumbles to dust.
It is a scroll of amnesia.
You feel forgetful for a moment.
The centaur shoots an arrow.
The arrow hits you!
You die...

#..........##......##
#..........#........
#....?............##
#.........bbbb....#
#.....b...bbbbb#.##
...........b...#.#
.....b..|b.b.b.########
..........bbbb.b#.#...#####
...bb.....bc...@..........#
##.........bb..##.........##
#...).##.#...###..........#
#.....
####.##.......#..#...#
....... ..#.........###..#
#... .......
....#.##....##..## . .......
....######..#...#
....#.#####...### .
#.........### ..


You could see a centaur (weak-willed, ally target).

Vanquished Creatures
  A scorpion (D:4)
  A gnoll bouda (D:3)
  Ijyb (D:3)
  Jessica (D:3)
  Robin (D:3)
  4 gnolls (D:3)
  4 adders
  2 worms
  A dart slug (D:3)
  3 orcs
  9 ball pythons
  4 bats
  6 endoplasms
  4 giant cockroaches
  15 goblins
  13 hobgoblins
  4 jackals (D:1)
  4 kobolds
  4 quokkas
  3 frilled lizards
  3 rats (D:3)
88 creatures vanquished.

Notes
Turn   | Place    | Note
-------+----------+-------------------------------------------
     0 | D:1      | night the Draconian Hunter began the quest for the Orb.
     0 | D:1      | Reached XP level 1. HP: 17/17 MP: 1/1
   159 | D:1      | Reached XP level 2. HP: 25/25 MP: 2/2
   176 | D:1      | Reached skill level 4 in Ranged Weapons
   312 | D:1      | Reached XP level 3. HP: 30/30 MP: 3/3
  1037 | D:3      | Found a transporter.
  1039 | D:3      | Noticed oufanbear's ghost (amateur SpBr)
  1042 | D:3      | Noticed an ogre
  1044 | D:3      | Found a transporter.
  1147 | D:3      | Reached XP level 4. HP: 37/38 MP: 4/4
  1203 | D:3      | Noticed Jessica
  1204 | D:3      | Noticed Ijyb
  1209 | D:3      | Killed Jessica
  1223 | D:3      | Killed Ijyb
  1224 | D:3      | Reached skill level 5 in Ranged Weapons
  1355 | D:3      | Reached XP level 5. HP: 42/46 MP: 5/5
  1568 | D:3      | Noticed Robin
  1604 | D:3      | Killed Robin
  2341 | D:4      | Found a runed translucent gate.
  2342 | D:4      | Found a runed translucent gate.
  2343 | D:4      | Found a runed translucent gate.
  2437 | D:4      | Reached skill level 6 in Ranged Weapons
  2437 | D:4      | Reached XP level 6. HP: 53/53 MP: 6/6
  2473 | D:4      | HP: 7/53 [centaur/arrow (14)]
  2478 | D:4      | HP: 5/53 [centaur (2)]
  2487 | D:4      | HP: 5/53 [centaur (5)]
  2489 | D:4      | Gained mutation: Your spells are a little easier to cast,
                  | but a little less powerful. [potion of mutation]
  2489 | D:4      | Gained mutation: You occasionally shout uncontrollably at
                  | your foes. [potion of mutation]
  2489 | D:4      | HP: 2/53 [centaur (3)]
  2501 | D:4      | Shot with an arrow by a centaur

Illustrated notes

Levels and vault maps discovered:
D:1:      sevenhm_arrival_forest_fort_large_4, layout_rooms
D:2:      layout_basic
D:3:      layout_basic, gammafunk_ghost_smash, uniq_robin, uniq_jessica,
          uniq_ijyb
D:4:      minmay_evil_eye, layout_cave_pools, worldfamousw_hep_ancestral_shrine,
          gammafunk_ghost_cemetery, ebering_dispersal_statue_hall

Skill      XL: |  1  2  3  4  5 |
---------------+----------------+-----
Ranged Weapons | 4 5 6 |  6.0
Fighting       | 3 4 |  4.5
Dodging        | |  1.7
Stealth        | |  0.8

Action                     |  1- 3 |  4- 6 || total
---------------------------+-------+-------++-------
   Fire: Shortbow          |   128 |   168 ||   296
    Use: Scroll            |     2 |     4 ||     6
         Potion            |       |     5 ||     5
 Armour: Skin              |    14 |    48 ||    62
  Dodge: Dodged            |    24 |    99 ||   123

Table legend: (Time is in decaauts)
 A = Elapsed time spent in this place.
 B = Non-inter-level travel time spent in this place.
 C = Inter-level travel time spent in this place.
 D = Time resting spent in this place.
 E = Time spent auto-exploring this place.
 F = Levels seen in this place.
 G = Mean time per level.
                   A        B        C        D        E       F      G
               +--------+--------+--------+--------+--------+-----+--------+
         Total |   2552 |   2497 |     55 |    368 |   1583 |   4 |  638.0 |
       Dungeon |   2552 |   2497 |     55 |    368 |   1583 |   4 |  638.0 |
               +--------+--------+--------+--------+--------+-----+--------+

Top non-repeatable levels by time:
     D:3: 1046 daAuts
     D:2: 735 daAuts
     D:1: 497 daAuts
     D:4: 273 daAuts
